 Dungeon Crawl Stone Soup version 0.30.0-21-gd299b56b3f (webtiles) character file.

Game seed: 4439731929076525131

7525 qw the Cleaver (level 11, -2/71 HPs)
             Began as a Gargoyle Fighter on June 2, 2023.
             Was a Believer of Okawaru.
             Slain by a steam dragon (4 damage)
             ... on level 9 of the Dungeon.
             The game lasted 00:04:06 (7734 turns).

qw the Cleaver (Gargoyle Fighter)                   Turns: 7734, Time: 00:04:07

Health: -2/71      AC: 28    Str: 25    XL:     11   Next: 16%
Magic:  12/14      EV:  9    Int:  8    God:    Okawaru [**....]
Gold:   318        SH:  6    Dex:  9    Spells: 10/10 levels left

rFire   . . .        Y - +0 war axe
rCold   . . .        c - +0 buckler
rNeg    + . .        p - +0 plate armour
rPois   inf          a - +1 helmet
rElec   +            (no cloak)
rCorr   .            (no gloves)
SInv    .            s - +1 pair of boots
Will    +....        (no amulet) Stlth
                     t - ring of willpower
HPRegen 0.31/turn    (no ring)
MPRegen 0.14/turn

%: no passive effects
@: about to teleport, heroic
A: sickness immunity, AC +8, negative energy resistance 1, electricity
resistance, torment resistance 1, petrification resistance
a: Renounce Religion, Heroism


You were on level 9 of the Dungeon.
You worshipped Okawaru.
Okawaru was pleased with you.
You visited 2 branches of the dungeon, and saw 10 of its levels.

You collected 340 gold pieces.
You spent 22 gold pieces at shops.


Innate Abilities, Weirdness & Mutations

You are immune to sickness and miasma.
Your stone body is resilient. (AC +8)
You are immune to poison.
You resist negative energy. (rN+)
You are resistant to electric shocks. (rElec)
You are resistant to unholy torment.
You are immune to petrification.


   Skills:
 - Level 9.0(14.0) Fighting
 - Level 11.6(16.6) Axes
 + Level 1.6(6.6) Throwing
 - Level 7.1(12.1) Armour
 - Level 1.7(6.7) Dodging
 - Level 5.0(10.0) Shields
 - Level 4.0 Invocations


You had 10 spell levels left.
You didn't know any spells.
Your spell library was empty.

Inventory:

Hand Weapons
 f - a +0 morningstar
 Y - a +0 war axe (weapon)
Missiles
 g - 4 boomerangs
 v - 4 silver javelins (quivered)
Armour
 a - a +1 helmet (worn)
 c - a +0 buckler (worn)
 p - a +0 plate armour (worn)
 s - a +1 pair of boots (worn)
Jewellery
 m - a ring of ice
 t - a ring of willpower (left hand)
Wands
 r - a wand of digging (5)
Scrolls
 n - 3 scrolls of identify
Potions
 b - 2 potions of attraction
 d - 4 potions of might
 e - a potion of lignification
 i - a potion of resistance
 j - a potion of curing
 k - a potion of cancellation
 l - a potion of mutation
 o - 3 potions of haste

Dungeon Overview and Level Annotations

Branches:
Dungeon (9/15)             Temple (1/1) D:4
   Lair: D:8-11         Orc: D:9-12

Altars:
Ashenzari
Cheibriados
Dithmenos
Elyvilon
Fedhas
Gozag
Hepliaklqana
Kikubaaqudgha
Makhleb
Nemelex Xobeh
Okawaru
Qazlal
Ru
Sif Muna
Trog
Uskayaw
Vehumet
Wu Jian
Xom
Yredelemnul
Zin
The Shining One

Shops:
D:1 [   D:2 ?


Message History

The steam dragon bites you but does no damage.
The steam dragon claws you but does no damage.
Autopickup is now on.
You hit the steam dragon but do no damage.
The steam dragon is heavily wounded.
You miss something.
You are engulfed in a cloud of scalding steam.
You feel like a meek peon again.
The orc priest hits you but does no damage.
The orc priest invokes the aid of Beogh against you.
Beogh smites you! The steam dragon closely misses you.
The steam dragon claws you but does no damage.
Something hits you but does no damage.
Deactivating autopickup; reactivate with Ctrl-A.
Autopickup is now on.
7731 ||| INVOKING Heroism.
You gain the combat prowess of a mighty hero.
You are engulfed in a cloud of scalding steam.
The orc priest hits you but does no damage.
The steam dragon closely misses you.
The steam dragon claws you but does no damage.
Something hits you but does no damage.
Deactivating autopickup; reactivate with Ctrl-A.
Autopickup is now on.
You barely miss the steam dragon.
The steam dragon is heavily wounded.
You slash something!
You are engulfed in a cloud of scalding steam.
You closely miss the steam dragon.
The steam dragon is heavily wounded.
You barely miss something.
The orc priest hits you but does no damage.
The steam dragon breathes steam at you. The ball of steam hits you!!
You feel a bit more experienced.
7734 ||| READING scroll of teleportation.
As you read the scroll of teleportation, it crumbles to dust.
You feel strangely unstable.
You are engulfed in a cloud of scalding steam.
The orc priest closely misses you. The steam dragon bites you.
You die...

#..............
.#..............
...............#
..#.................
..................(
#.....#.....oo.....
#.....##...oD...#
#..... #...@#
#...###..¤.#
##...#...¤###
#..<.....##
#...##.¤##
####...¤.# #..¤..#
#.....# ####.##


You could see a steam dragon, 2 orc priests and an orc.

Vanquished Creatures
  Gastronok (D:8)
  A hydra (D:8)
  2 two-headed ogres (D:8)
  A centaur warrior (D:8)
  Pikel (D:5)
  A cyclops (D:8)
  An unseen horror (D:7)
  A wyvern (D:8)
  3 yaks (D:8)
  Menkaure (D:5)
  A water moccasin (D:4)
  3 orc warriors (D:8)
  2 sky beasts
  A black bear (D:5)
  An ogre (D:5)
  A centaur (D:8)
  A phantom (D:6)
  2 kobold brigands
  A scorpion (D:5)
  3 bullfrogs
  3 gnoll sergeants (D:8)
  4 killer bees
  A howler monkey (D:7)
  4 hounds
  3 jellies
  2 orc priests (D:8)
  A gnoll bouda (D:5)
  An iguana (D:6)
  A sleepcap (D:4)
  3 orc wizards
  15 gnolls
  10 adders
  A shadow imp (D:6)
  2 white imps (D:6)
  A worm (D:4)
  5 dart slugs
  18 orcs
  6 ball pythons
  5 endoplasms
  5 giant cockroaches
  5 goblins
  4 hobgoblins
  21 kobolds
  3 quokkas
  7 bats
  4 frilled lizards
  3 rats
167 creatures vanquished.

Vanquished Creatures (others)
  An orc wizard (D:9)
1 creature vanquished.

Grand Total: 168 creatures vanquished

Notes
Turn   | Place    | Note
-------+----------+-------------------------------------------
     0 | D:1      | qw the Gargoyle Fighter began the quest for the Orb.
     0 | D:1      | Reached XP level 1. HP: 14/14 MP: 1/1
     0 | D:1      | 0 ||| qw: Version: 0.2-a-102-gdf20003
     0 | D:1      | 0 ||| qw: Game counter: 805
     0 | D:1      | 0 ||| qw: Always use a shield: true
     0 | D:1      | 0 ||| qw: God list: Okawaru
     0 | D:1      | 0 ||| qw: Allow faded altars: false
     0 | D:1      | 0 ||| qw: Do Orc after D:15 true
     0 | D:1      | 0 ||| qw: Do second Lair branch before Depths: true
     0 | D:1      | 0 ||| qw: Lair rune preference: random
     0 | D:1      | 0 ||| qw: Plans: Normal, Zot:1-4, Slime:5, God:TSO, Crypt,
                  | Tomb, Pan, Hells, Abyss, Win
     0 | D:1      | 0 ||| PLANNING D:1-11
    33 | D:1      | 33 ||| Stepping ~*~*~tactically~*~*~ (hiding).
    68 | D:1      | 68 ||| Stepping ~*~*~tactically~*~*~ (hiding).
    72 | D:1      | 72 ||| Stepping ~*~*~tactically~*~*~ (hiding).
    79 | D:1      | Reached skill level 2 in Axes
   210 | D:1      | Found Wer Cyum's Antique Armour Emporium.
   220 | D:1      | Reached XP level 2. HP: 18/19 MP: 2/2
   234 | D:1      | 234 ||| SHOPLISTING pair of boots (99 gold, have 0).
   234 | D:1      | 234 ||| SHOPLISTING pair of gloves (99 gold, have 0).
   234 | D:1      | 234 ||| SHOPLISTING runed helmet (165 gold, have 0).
   287 | D:1      | 287 ||| Stepping ~*~*~tactically~*~*~ (hiding).
   288 | D:1      | 288 ||| Stepping ~*~*~tactically~*~*~ (hiding).
   772 | D:1      | 772 ||| Stepping ~*~*~tactically~*~*~ (stealth).
   773 | D:1      | 773 ||| Stepping ~*~*~tactically~*~*~ (stealth).
   774 | D:1      | 774 ||| Stepping ~*~*~tactically~*~*~ (stealth).
   854 | D:1      | Reached skill level 3 in Axes
   943 | D:1      | 943 ||| Stepping ~*~*~tactically~*~*~ (stealth).
   945 | D:1      | 945 ||| Stepping ~*~*~tactically~*~*~ (stealth).
   978 | D:1      | 978 ||| READING 2 scrolls labelled COAN QAM XOLI.
   979 | D:1      | 979 ||| READING 2 scrolls labelled PULEZU RANTAV.
   980 | D:1      | 980 ||| READING scroll labelled XAMPEF HIDD.
   981 | D:1      | 981 ||| READING 2 scrolls labelled LURIOZ TEOTT.
   982 | D:1      | 982 ||| DRINKING 3 cyan potions.
   983 | D:1      | 983 ||| DROPPING scroll of vulnerability.
   984 | D:1      | 984 ||| DROPPING scroll of noise.
   985 | D:1      | 985 ||| DROPPING 2 potions of magic.
  1050 | D:2      | Identified the +7 dagger of Ravage {chaos, rPois}
  1060 | D:2      | Reached XP level 3. HP: 23/23 MP: 3/3
  1165 | D:2      | 1165 ||| Stepping ~*~*~tactically~*~*~ (hiding).
  1166 | D:2      | 1166 ||| Stepping ~*~*~tactically~*~*~ (hiding).
  1183 | D:2      | Found The Oracle's Delphic Readings.
  1187 | D:2      | 1187 ||| SHOPLISTING scroll of enchant weapon (82 gold,
                  | have 31).
  1187 | D:2      | 1187 ||| BUYING scroll of identify (22 gold).
  1187 | D:2      | Bought a scroll of identify for 22 gold pieces
  1187 | D:2      | 1187 ||| SHOPLISTING scroll of teleportation (33 gold, have
                  | 9).
  1192 | D:2      | Found a faded altar of an unknown god.
  1776 | D:2      | 1776 ||| UPGRADING to +0 helmet.
  1781 | D:2      | 1781 ||| UPGRADING to +0 plate armour.
  1791 | D:2      | 1791 ||| DROPPING +0 scale mail.
  1792 | D:2      | 1792 ||| READING scroll labelled YMPOFI YMMI.
  1793 | D:2      | 1793 ||| READING scroll labelled ZICSOMYTAN.
  1894 | D:2      | 1894 ||| DRINKING 2 silvery potions.
  1895 | D:2      | 1895 ||| DRINKING 2 sapphire potions.
  1896 | D:2      | 1896 ||| DRINKING 3 black potions.
  1897 | D:2      | 1897 ||| READING 5 scrolls of identify.
  1897 | D:2      | 1897 ||| IDENTIFYING fuming green potion
  1898 | D:2      | 1898 ||| READING 4 scrolls of identify.
  1898 | D:2      | 1898 ||| IDENTIFYING glowing black potion
  1899 | D:2      | 1899 ||| READING 3 scrolls of identify.
  1899 | D:2      | 1899 ||| IDENTIFYING fuming red potion
  1900 | D:2      | 1900 ||| DROPPING potion of flight.
  2002 | D:3      | Reached XP level 4. HP: 28/28 MP: 4/4
  2189 | D:3      | 2189 ||| Stepping ~*~*~tactically~*~*~ (stealth).
  2192 | D:3      | Reached skill level 4 in Axes
  2282 | D:3      | 2282 ||| DROPPING +0 mace of holy wrath.
  2478 | D:3      | 2478 ||| READING scroll labelled YLEQOUV EDUEN.
  2497 | D:3      | 2497 ||| READING 4 scrolls of identify.
  2497 | D:3      | 2497 ||| IDENTIFYING amethyst potion
  2498 | D:3      | 2498 ||| DROPPING potion of ambrosia.
  2532 | D:4      | Found a staircase to the Ecumenical Temple.
  2533 | D:4      | 2533 ||| PLANNING TEMPLE
  2552 | Temple   | Entered the Ecumenical Temple
  2728 | Temple   | 2728 ||| PLANNING D:1-11
  2750 | D:4      | 2750 ||| Stepping ~*~*~tactically~*~*~ (hiding).
  2751 | D:4      | 2751 ||| Stepping ~*~*~tactically~*~*~ (hiding).
  2752 | D:4      | 2752 ||| Stepping ~*~*~tactically~*~*~ (hiding).
  2757 | D:4      | 2757 ||| Stepping ~*~*~tactically~*~*~ (hiding).
  3014 | D:4      | Reached XP level 5. HP: 32/32 MP: 5/5
  3036 | D:4      | Noticed a water moccasin
  3038 | D:4      | HP: 5/32 [acid (4)]
  3039 | D:4      | 3039 ||| DRINKING 2 potions of heal wounds.
  3041 | D:4      | Reached skill level 5 in Axes
  3065 | D:4      | HP: 7/32 [water moccasin (3)]
  3066 | D:4      | 3066 ||| DRINKING potion of heal wounds.
  3071 | D:4      | HP: 6/32 [water moccasin (7)]
  3075 | D:4      | Killed a water moccasin
  3076 | D:4      | Reached XP level 6. HP: 7/39 MP: 6/6
  3128 | D:4      | 3128 ||| Stepping ~*~*~tactically~*~*~ (stealth).
  3396 | D:4      | 3396 ||| Stepping ~*~*~tactically~*~*~ (stealth).
  3492 | D:4      | 3492 ||| DRINKING 2 murky silvery potions.
  3515 | D:5      | Entered Level 5 of the Dungeon
  3525 | D:5      | Noticed Menkaure
  3529 | D:5      | Killed Menkaure
  3530 | D:5      | Reached skill level 6 in Axes
  3530 | D:5      | Reached XP level 7. HP: 32/44 MP: 7/7
  3530 | D:5      | Noticed Pikel
  3531 | D:5      | 3531 ||| FLEEEEING.
  3532 | D:5      | 3532 ||| STAIRDANCE
  3573 | D:5      | 3573 ||| Stepping ~*~*~tactically~*~*~ (stealth).
  3575 | D:5      | 3575 ||| Stepping ~*~*~tactically~*~*~ (stealth).
  3601 | D:5      | HP: 10/44 [Pikel/+2 whip of electrocution (5)]
  3602 | D:5      | Killed Pikel
  3734 | D:5      | 3734 ||| DROPPING +0 whip.
  3760 | D:5      | Reached XP level 8. HP: 36/48 MP: 8/8
  3825 | D:5      | Reached skill level 7 in Axes
  3908 | D:5      | Found an iron altar of Okawaru.
  3911 | D:5      | Found an opulent altar of Gozag.
  3929 | D:5      | 3929 ||| Stepping ~*~*~tactically~*~*~ (stealth).
  3937 | D:5      | 3937 ||| Stepping ~*~*~tactically~*~*~ (stealth).
  3966 | D:5      | 3966 ||| Stepping ~*~*~tactically~*~*~ (hiding).
  3991 | D:5      | 3991 ||| DROPPING +2 whip of electrocution.
  3994 | D:5      | 3994 ||| DROPPING +0 flail.
  4048 | D:5      | Reached skill level 1 in Dodging
  4208 | D:5      | Found a sacrificial altar of Ru.
  4440 | D:5      | 4440 ||| READING scroll labelled HUKUGG IRELL.
  4441 | D:5      | 4441 ||| READING scroll labelled ADUENL LEDIZOSS.
  4445 | D:5      | 4445 ||| READING 3 scrolls of identify.
  4445 | D:5      | 4445 ||| IDENTIFYING fuming amethyst potion
  4446 | D:5      | 4446 ||| DROPPING potion of berserk rage.
  4486 | D:6      | Reached skill level 1 in Throwing
  4568 | D:6      | 4568 ||| Stepping ~*~*~tactically~*~*~ (hiding).
  4654 | D:6      | 4654 ||| Stepping ~*~*~tactically~*~*~ (hiding).
  4678 | D:6      | 4678 ||| Stepping ~*~*~tactically~*~*~ (stealth).
  4701 | D:6      | 4701 ||| Stepping ~*~*~tactically~*~*~ (hiding).
  4733 | D:6      | 4733 ||| FLEEEEING.
  4734 | D:6      | 4734 ||| FLEEEEING.
  4738 | D:6      | 4738 ||| FLEEEEING.
  4739 | D:6      | 4739 ||| FLEEEEING.
  4740 | D:6      | 4740 ||| FLEEEEING.
  4741 | D:6      | 4741 ||| FLEEEEING.
  4742 | D:6      | 4742 ||| FLEEEEING.
  4743 | D:6      | 4743 ||| FLEEEEING.
  4744 | D:6      | 4744 ||| FLEEEEING.
  4745 | D:6      | 4745 ||| FLEEEEING.
  4746 | D:6      | 4746 ||| FLEEEEING.
  4747 | D:6      | 4747 ||| FLEEEEING.
  4748 | D:6      | 4748 ||| FLEEEEING.
  4751 | D:6      | 4751 ||| FLEEEEING.
  4752 | D:6      | 4752 ||| FLEEEEING.
  4754 | D:6      | 4754 ||| FLEEEEING.
  4759 | D:6      | 4759 ||| FLEEEEING.
  4760 | D:6      | 4760 ||| FLEEEEING.
  4761 | D:6      | 4761 ||| FLEEEEING.
  4762 | D:6      | 4762 ||| FLEEEEING.
  4763 | D:6      | 4763 ||| FLEEEEING.
  4764 | D:6      | 4764 ||| FLEEEEING.
  4765 | D:6      | 4765 ||| FLEEEEING.
  4766 | D:6      | 4766 ||| FLEEEEING.
  4770 | D:6      | 4770 ||| FLEEEEING.
  4771 | D:6      | 4771 ||| FLEEEEING.
  4772 | D:6      | 4772 ||| FLEEEEING.
  4774 | D:6      | 4774 ||| FLEEEEING.
  4775 | D:6      | 4775 ||| FLEEEEING.
  4777 | D:6      | 4777 ||| FLEEEEING.
  4778 | D:6      | 4778 ||| FLEEEEING.
  4779 | D:6      | 4779 ||| FLEEEEING.
  4780 | D:6      | 4780 ||| FLEEEEING.
  4781 | D:6      | 4781 ||| FLEEEEING.
  4782 | D:6      | 4782 ||| STAIRDANCE
  4843 | D:5      | 4843 ||| READING 2 scrolls labelled OLEM XIWUNE.
  4844 | D:5      | 4844 ||| DROPPING scroll of poison.
  4869 | D:6      | 4869 ||| FLEEEEING.
  4874 | D:6      | 4874 ||| STAIRDANCE
  4878 | D:6      | 4878 ||| STAIRDANCE
  4928 | D:6      | 4928 ||| STAIRDANCE
  4932 | D:6      | 4932 ||| STAIRDANCE
  4936 | D:6      | 4936 ||| STAIRDANCE
  4940 | D:6      | 4940 ||| STAIRDANCE
  4944 | D:6      | 4944 ||| STAIRDANCE
  4948 | D:6      | 4948 ||| STAIRDANCE
  4952 | D:6      | 4952 ||| STAIRDANCE
  4956 | D:6      | 4956 ||| STAIRDANCE
  4960 | D:6      | 4960 ||| STAIRDANCE
  4964 | D:6      | 4964 ||| STAIRDANCE
  4968 | D:6      | 4968 ||| STAIRDANCE
  4972 | D:6      | 4972 ||| STAIRDANCE
  4976 | D:6      | 4976 ||| STAIRDANCE
  4980 | D:6      | 4980 ||| STAIRDANCE
  4984 | D:6      | 4984 ||| STAIRDANCE
  4988 | D:6      | 4988 ||| STAIRDANCE
  4992 | D:6      | 4992 ||| STAIRDANCE
  5007 | D:5      | Found a shimmering blue altar of Sif Muna.
  5008 | D:5      | 5008 ||| PLANNING OKAWARU WORSHIP
  5015 | D:5      | Became a worshipper of Warmaster Okawaru
  5015 | D:5      | 5015 ||| PLANNING D:1-11
  5042 | D:6      | Reached skill level 8 in Axes
  5365 | D:7      | Reached skill level 6 in Fighting
  5365 | D:7      | Reached XP level 9. HP: 55/55 MP: 9/9
  5397 | D:7      | 5397 ||| READING scroll of enchant armour.
  5397 | D:7      | 5397 ||| ENCHANTING +0 helmet.
  5463 | D:7      | Killed an unseen horror
  5463 | D:7      | Reached * piety under Okawaru
  5721 | D:7      | Found a shimmering altar of Xom.
  5721 | D:7      | Found an ornate altar of the Wu Jian Council.
  5779 | D:7      | 5779 ||| DROPPING +1 vampiric whip.
  5783 | D:7      | 5783 ||| Stepping ~*~*~tactically~*~*~ (stealth).
  5788 | D:7      | 5788 ||| Stepping ~*~*~tactically~*~*~ (stealth).
  5810 | D:7      | 5810 ||| DROPPING +2 flail of protection.
  5878 | D:7      | Reached skill level 1 in Invocations
  5986 | D:7      | 5986 ||| Stepping ~*~*~tactically~*~*~ (hiding).
  6000 | D:7      | Reached skill level 9 in Axes
  6026 | D:7      | 6026 ||| READING scroll labelled QEB ATTUHUR.
  6027 | D:7      | 6027 ||| READING 6 scrolls of identify.
  6027 | D:7      | 6027 ||| IDENTIFYING bubbling green potion
  6028 | D:7      | 6028 ||| READING 5 scrolls of identify.
  6028 | D:7      | 6028 ||| IDENTIFYING emerald potion
  6079 | D:8      | Noticed a two-headed ogre
  6081 | D:8      | 6081 ||| INVOKING Heroism.
  6096 | D:8      | Killed a two-headed ogre
  6109 | D:8      | 6109 ||| FLEEEEING.
  6185 | D:8      | 6185 ||| Stepping ~*~*~tactically~*~*~ (stealth).
  6199 | D:8      | 6199 ||| INVOKING Heroism.
  6202 | D:8      | Reached ** piety under Okawaru
  6316 | D:8      | 6316 ||| Stepping ~*~*~tactically~*~*~ (stealth).
  6318 | D:8      | 6318 ||| Stepping ~*~*~tactically~*~*~ (stealth).
  6327 | D:8      | 6327 ||| INVOKING Heroism.
  6333 | D:8      | Reached skill level 6 in Armour
  6333 | D:8      | Reached XP level 10. HP: 28/64 MP: 10/13
  6530 | D:8      | 6530 ||| Stepping ~*~*~tactically~*~*~ (stealth).
  6531 | D:8      | 6531 ||| Stepping ~*~*~tactically~*~*~ (stealth).
  6542 | D:8      | Noticed Gastronok
  6543 | D:8      | 6543 ||| INVOKING Heroism.
  6563 | D:8      | Killed Gastronok
  6564 | D:8      | Reached skill level 10 in Axes
  6681 | D:8      | 6681 ||| Stepping ~*~*~tactically~*~*~ (hiding).
  6684 | D:8      | 6684 ||| INVOKING Heroism.
  6692 | D:8      | 6692 ||| Stepping ~*~*~tactically~*~*~ (hiding).
  6781 | D:8      | 6781 ||| Stepping ~*~*~tactically~*~*~ (hiding).
  6821 | D:8      | Noticed a six-headed hydra
  6822 | D:8      | 6822 ||| INVOKING Heroism.
  6822 | D:8      | Noticed a two-headed ogre
  6823 | D:8      | Noticed a centaur warrior
  6826 | D:8      | Noticed a cyclops
  6828 | D:8      | 6828 ||| SWAPPING to +0 morningstar.
  6830 | D:8      | Identified the +5 demon blade of the Warrior {pain, rElec}
  6833 | D:8      | Killed a six-headed hydra
  6834 | D:8      | Reached skill level 11 in Axes
  6834 | D:8      | 6834 ||| SWAPPING to +0 war axe.
  6835 | D:8      | HP: 12/64 [wyvern (10)]
  6836 | D:8      | 6836 ||| READING 2 scrolls of teleportation.
  6868 | D:8      | 6868 ||| Stepping ~*~*~tactically~*~*~ (stealth).
  7231 | D:8      | 7231 ||| INVOKING Heroism.
  7233 | D:8      | 7233 ||| Stepping ~*~*~tactically~*~*~ (hiding).
  7237 | D:8      | 7237 ||| Stepping ~*~*~tactically~*~*~ (hiding).
  7246 | D:8      | 7246 ||| INVOKING Heroism.
  7250 | D:8      | Killed a cyclops
  7305 | D:8      | 7305 ||| INVOKING Heroism.
  7317 | D:8      | Killed a centaur warrior
  7317 | D:8      | Reached *** piety under Okawaru
  7318 | D:8      | Reached skill level 9 in Fighting
  7456 | D:8      | 7456 ||| INVOKING Heroism.
  7458 | D:8      | Reached XP level 11. HP: 71/71 MP: 11/14
  7488 | D:8      | 7488 ||| INVOKING Heroism.
  7555 | D:8      | 7555 ||| INVOKING Heroism.
  7581 | D:8      | 7581 ||| INVOKING Heroism.
  7586 | D:8      | Killed a two-headed ogre
  7644 | D:8      | 7644 ||| UPGRADING to +1 pair of boots.
  7649 | D:8      | 7649 ||| UPGRADING to ring of willpower.
  7650 | D:8      | 7650 ||| READING 2 scrolls labelled PYMECV IBBIWICK.
  7651 | D:8      | 7651 ||| READING 4 scrolls of identify.
  7651 | D:8      | 7651 ||| IDENTIFYING green potion
  7652 | D:8      | 7652 ||| DROPPING scroll of amnesia.
  7653 | D:8      | 7653 ||| DROPPING potion of degeneration.
  7716 | D:9      | 7716 ||| INVOKING Heroism.
  7731 | D:9      | 7731 ||| INVOKING Heroism.
  7733 | D:9      | HP: 1/71 [steam dragon/ball of steam (21)]
  7734 | D:9      | 7734 ||| READING scroll of teleportation.
  7734 | D:9      | Slain by a steam dragon

Levels and vault maps discovered:
D:1:      dpeg_arrival_orchard, layout_basic, serial_shops, shop_fountains
D:2:      layout_basic, hellmonk_ecumenical_altar_lost_god,
          nicolae_nh_oracle_at_delphi
D:3:      layout_basic
D:4:      minmay_evil_eye, layout_rooms, minmay_temple_entry_trees
D:5:      layout_loops_ring, nicolae_overflow_hidden_temple, uniq_pikel,
          uniq_menkaure
D:6:      layout_rooms, corexii_leaking_fountain
D:7:      layout_loops_ring, gammafunk_temple_overflow_statue
D:8:      layout_basic, nzn_random_ring, uniq_gastronok
D:9:      layout_cave_pools, serial_gnoll_camp, gnoll_camp_mini_hut,
          gnoll_camp_medium_01, gnoll_camp_huts_basic, gnoll_camp_mini_house,
          gnoll_camp_mini_loothouse, gnoll_camp_mini_shop, uniq_maggie,
          uniq_maurice
Temple:   eino_temple_scatter_basement

Skill      XL: |  1  2  3  4  5  6  7  8  9 10 |
---------------+-------------------------------+-----
Axes           | 2 3 4 5 6 8 9 11 | 11.6
Fighting       | 4 6 7 9 |  9.0
Armour         | 5 6 7 |  7.1
Dodging        | 1 |  1.7
Throwing       | 1 |  1.6
Invocations    | 4 |  4.0
Shields        | 4 5 |  5.0

Action                     |  1- 3 |  4- 6 |  7- 9 | 10-12 || total
---------------------------+-------+-------+-------+-------++-------
  Melee: War axe           |   126 |   129 |   278 |   123 ||   656
         Morningstar       |       |       |       |     5 ||     5
  Throw: Boomerang         |       |    19 |    36 |     6 ||    61
         Javelin           |       |       |       |     8 ||     8
 Invoke: Heroism           |       |       |     3 |    12 ||    15
    Use: Scroll            |     9 |     2 |     8 |     4 ||    23
         Potion            |     4 |     3 |       |       ||     7
 Armour: Scale mail        |    54 |       |       |       ||    54
         Plate armour      |     4 |   109 |   226 |    91 ||   430
  Dodge: Dodged            |    57 |    49 |    82 |    63 ||   251
  Block: Buckler           |    20 |    27 |    49 |    36 ||   132

Table legend:
 A = Non-vault XP
 B = Vault XP
 C = Vault XP percentage of total XP
 D = Non-vault monster count
 E = Vault monster count
 F = Vault count percentage of total count
                 A         B        C        D         E       F
            +---------+---------+-------+---------+---------+-------
      Total |    4408 |    6343 |  59.0 |     142 |      26 |  15.5
            +---------+---------+-------+---------+---------+-------
        D:1 |      32 |       0 |   0.0 |      18 |       0 |   0.0
        D:2 |      43 |       4 |   8.5 |      19 |       2 |   9.5
        D:3 |      39 |       0 |   0.0 |      10 |       0 |   0.0
        D:4 |     212 |     246 |  53.7 |      20 |       6 |  23.1
        D:5 |     552 |     594 |  51.8 |      12 |       2 |  14.3
        D:6 |     598 |       0 |   0.0 |      23 |       0 |   0.0
        D:7 |     762 |       0 |   0.0 |      17 |       0 |   0.0
        D:8 |    1953 |    5499 |  73.8 |      19 |      16 |  45.7
        D:9 |     217 |       0 |   0.0 |       4 |       0 |   0.0
            +---------+---------+-------+---------+---------+-------
